 Dungeon Crawl Stone Soup version 0.20.1-1-g8b1a95d (webtiles) character file.

32 iopi the Firebug (level 3, -1/19 HPs)
             Began as a Deep Elf Fire Elementalist on Oct 19, 2017.
             Killed by nerve-wracking pain
             ... invoked by Jessica
              (7 damage)
             ... on level 2 of the Dungeon on Oct 21, 2017.
             The game lasted 00:23:08 (1259 turns).

iopi the Firebug (Deep Elf Fire Elementalist)       Turns: 1259, Time: 00:23:09

Health: -1/19      AC:  2    Str:  5    XL:     3   Next: 8%
Magic:  0/9        EV: 13    Int: 20    God:
Gold:   110        SH:  0    Dex: 15    Spells: 5/8 levels left

rFire    . . .     SeeInvis .   (no weapon)
rCold    . . .     Gourm    .   (no shield)
rNeg     . . .     Faith    .   a - +0 robe
rPois    .         Spirit   .   (no helmet)
rElec    .         Reflect  .   (no cloak)
rCorr    .         Harm     .   (no gloves)
MR       .....                  (no boots)
Stlth    ++........             (no amulet)
Regen    0.1/turn               (no ring)
MPRegen  0.2/turn               (no ring)

@: no status effects
A: no striking features
a: no special abilities


You were on level 2 of the Dungeon.
You were not hungry.

You visited 1 branch of the dungeon, and saw 2 of its levels.

You collected 110 gold pieces.

Inventory:

Armour
 a - a +0 robe (worn)
 k - a +0 robe
Jewellery
 h - an uncursed amulet of rage
Scrolls
 c - a scroll of amnesia {unknown}
 f - a scroll of recharging
 g - a scroll of blinking
 j - a scroll of teleportation {unknown}
Potions
 d - a potion of lignification {unknown}
 i - a potion of cancellation {unknown}
 l - a potion of haste
 m - a potion of heal wounds {unknown}
Books
 b - a book of Flames

   Spells                             Type                      Level
   a - Flame Tongue                   Conjuration/Fire             1
   b - Throw Flame                    Conjuration/Fire             2
   c - Conjure Flame                  Conjuration/Fire             3
   d - Inner Flame                    Hexes/Fire                   3
   e - Sticky Flame                   Conjuration/Fire             4
   f - Fireball                       Conjuration/Fire             5
Comestibles
 o - a royal jelly


   Skills:
 + Level 2.6 Dodging
 + Level 2.7 Stealth
 + Level 3.2 Spellcasting
 + Level 1.3 Conjurations
 + Level 4.2 Fire Magic


You had 5 spell levels left.
You knew the following spells:

 Your Spells              Type           Power        Failure   Level  Hunger
a - Flame Tongue          Conj/Fire      ##...        4%          1    None
b - Throw Flame           Conj/Fire      ##....       7%          2    ##.....


Dungeon Overview and Level Annotations

Branches:
Dungeon (2/15)

Altars:

Annotations:
D:2 Jessica


Message History

Jessica shouts, "Stop bothering me, or I'll kill you!"
Jessica gestures wildly while chanting.
Jessica blinks!
Casting: Flame Tongue
Confirm with . or Enter, or press ? or * to list all spells.
Aiming: Flame Tongue
Press: ? - help, Shift-Dir - straight line, f - dart slug
Aim: a dart slug (clinging)
The flame tongue hits the dart slug.
The dart slug is almost dead.
The dart slug bites you. The dart slug launches a dart at you.
The slug dart misses you.
Things that are here:
a hunting sling; 23 stones; a goblin corpse The dart slug launches a dart at you.
The slug dart misses you. Jessica casts a spell at you.
Pain shoots through your body!
You die...

#.##...#..#...##..###
##.####.##.#...###.###[..(.
#..........#...###.# ##....
#..#####.....#.....# #####
..###.........#.### #####
.............##.# #....
..###........##.# #.###
###...##.##.# #..@.......
#..######.# #)@# #.#
#..######.# #.w..†.@..
##.####... #... .....#
####.#


You could see a dart slug and Jessica.

Vanquished Creatures
  3 dart slugs
  2 leopard geckos (D:1)
  2 giant cockroaches (D:1)
  A goblin (D:2)
  4 hobgoblins (D:1)
  3 jackals
  A bat (D:1)
  3 frilled lizards
  4 rats
23 creatures vanquished.

Notes
Turn   | Place    | Note
-------+----------+-------------------------------------------
     0 | D:1      | iopi the Deep Elf Fire Elementalist began the quest for the Orb.
     0 | D:1      | Reached XP level 1. HP: 10/10 MP: 6/6
   393 | D:1      | Reached XP level 2. HP: 15/15 MP: 2/8
   515 | D:1      | Learned a level 2 spell: Throw Flame
   577 | D:1      | Reached skill level 4 in Fire Magic
  1189 | D:2      | Reached XP level 3. HP: 19/19 MP: 4/9
  1241 | D:2      | Noticed Jessica
  1259 | D:2      | Killed from afar by Jessica

Skill      XL: |  1  2 |
---------------+-------+-----
Fire Magic     | 4 |  4.2
Dodging        | |  2.6
Stealth        | |  2.7
Spellcasting   | |  3.2
Conjurations   | |  1.3

Action                   || total
-------------------------++-------
 Cast: Flame Tongue      ||    20
       Throw Flame       ||    18
  Use: Scroll            ||     4
  Eat: Bread ration      ||     1
Armor: Robe              ||     2
Dodge: Dodged            ||     5
